 Dungeon Crawl Stone Soup version 0.20.0-8-g6b59dc7 (webtiles) character file.

438 Kosschaser the Sneak (level 7, -6/33 HPs)
             Began as a Vine Stalker Enchanter on May 30, 2017.
             Mangled by an ogre
             ... wielding a +0 giant club
              (24 damage)
             ... on level 4 of the Dungeon.
             The game lasted 00:22:08 (3444 turns).

Kosschaser the Sneak (Vine Stalker Enchanter)       Turns: 3444, Time: 00:22:09

Health: -6/33      AC:  2    Str: 11    XL:     7   Next: 1%
Magic:  0/13       EV: 13    Int: 15    God:
Gold:   267        SH:  0    Dex: 16    Spells: 6/12 levels left

rFire    + . .     SeeInvis .   a - +1 dagger
rCold    + . .     Gourm    .   (no shield)
rNeg     . . .     Faith    .   b - +0 robe
rPois    .         Spirit   +   (no helmet)
rElec    .         Reflect  .   (no cloak)
rCorr    .         Harm     .   (no gloves)
MR       .....                  (no boots)
Stlth    +++.......             (no amulet)
Regen    0.6/turn               k - ring of protection from fire
MPRegen  0.2/turn               u - ring of protection from cold

@: no status effects
A: fangs 2, regeneration 1, magic shield, antimagic bite, no potion heal 3, rot
immunity
a: no special abilities


You were on level 4 of the Dungeon.
You were not hungry.

You visited 1 branch of the dungeon, and saw 4 of its levels.

You collected 267 gold pieces.

Inventory:

Hand Weapons
 a - a +1 dagger (weapon)
Armour
 b - a +0 robe (worn)
Jewellery
 k - a ring of protection from fire (left hand)
 u - a ring of protection from cold (right hand)
Scrolls
 e - 2 scrolls of recharging
 f - a scroll of fear {unknown}
 l - 2 scrolls of magic mapping
 n - a scroll of remove curse
 r - a scroll of enchant weapon
 w - 4 scrolls of identify
Potions
 h - a potion of might {unknown}
 i - 2 potions of haste
 j - a potion of resistance
 o - a potion of curing {unknown}
 q - a potion of lignification {unknown}
 t - a potion of agility
 v - a potion of brilliance {unknown}
Books
 c - a book of Maledictions

   Spells                             Type                      Level
   a - Corona                         Hexes                        1
   b - Ensorcelled Hibernation        Hexes/Ice                    2
   c - Confuse                        Hexes                        3
   d - Tukima's Dance                 Hexes                        3
   e - Dazzling Spray                 Conjuration/Hexes            3
Comestibles
 d - 4 bread rations
 g - 7 meat rations
 m - 3 chunks of flesh
 p - 2 royal jellies
 s - 3 fruits


   Skills:
 + Level 1.0 Fighting
 + Level 3.1 Short Blades
 + Level 2.2 Dodging
 + Level 5.8 Stealth
 + Level 3.4 Spellcasting
 + Level 3.8 Hexes
 + Level 2.0 Ice Magic


You had 6 spell levels left.
You knew the following spells:

 Your Spells              Type           Power        Failure   Level  Hunger
a - Corona                Hex            ##.....      4%          1    None
b - Ensorcelled Hibernat  Hex/Ice        ##....       9%          2    ##.....
c - Confuse               Hex            ##......     12%         3    ###....


Dungeon Overview and Level Annotations

Branches:
Dungeon (4/15)
 Temple: D:4-7

Altars:
Nemelex Xobeh
Okawaru
Sif Muna
Vehumet

Annotations:
D:2 Grinder
D:3 Robin


Innate Abilities, Weirdness & Mutations

You have extremely sharp teeth.
Your natural rate of healing is unusually fast.
When hurt, damage is shared between your health and your magic reserves.
Your bite disrupts and absorbs the magic of your enemies.
Potions cannot restore your health.
You are immune to rotting.


Message History

Aiming: Ensorcelled Hibernation
Press: ? - help, Shift-Dir - straight line, f/p - ogre
Aim: an ogre, wielding a giant club (chance to defeat MR: 42%)
The ogre resists with some effort.
The ogre hits you with a giant club!!
Ouch! That really hurt!
* * * LOW HITPOINT WARNING * * *
There is an open door here.
There is an open door here.
The dart slug launches a dart at you. The slug dart misses you.
There is an open door here.
There is an open door, spattered with blood here.
Casting: Ensorcelled Hibernation
Confirm with . or Enter, or press ? or * to list all spells.
Aiming: Ensorcelled Hibernation
Press: ? - help, Shift-Dir - straight line, f/p - ogre
Aim: an ogre, wielding a giant club (chance to defeat MR: 42%)
The ogre resists with some effort.
The ogre hits you with a giant club!!
Ouch! That really hurt!
You die...

... .# #.#.#..w....##.....# ..#.#
# #.#.#.#####w##.....# ....#
#.#.#.........##.....# .###...#
#'#.#.###.####..##.....# ......#
........#'####..##.†....
###...##....##.....)..#..##.....#
#...........##........#..##..>..#
#.###.###...##........#..###'##.#
.......[........@#'####..# #)##.#
#.####.#.#####.#.O...<...# #.##.#
#.#..........#.#.#.#####.###.##..
#.#....#.###.#.#.#.# ..#.####
#.######.# #.#.#.#.# #.#.#
#........# #.#.#.#.#######(#.#
########## #.#.#.#.........#.##
#.#.#.########.....#
#####.#.#.......['.....#


You could see an ogre.

Vanquished Creatures
  The ghost of Kosschaser the Sneak, an amateur VSEn (D:3)
  An orc priest (D:4)
  A hound (D:4)
  An orc wizard (D:3)
  Jessica (D:2)
  A worker ant (D:3)
  A hound skeleton (D:4)
  7 adders
  3 worms
  A dart slug (D:4)
  2 leopard geckos (D:4)
  5 orcs
  4 ball pythons
  8 bats
  5 giant cockroaches
  11 goblins
  3 hobgoblins
  5 kobolds
  6 frilled lizards
  A quokka skeleton (D:4)
  6 rats
  A plant (D:2)
75 creatures vanquished.

Notes
Turn   | Place    | Note
-------+----------+-------------------------------------------
     0 | D:1      | Kosschaser the Vine Stalker Enchanter began the quest for the Orb.
     0 | D:1      | Reached XP level 1. HP: 9/9 MP: 4/4
    77 | D:1      | Reached skill level 1 in Short Blades
   130 | D:1      | Reached XP level 2. HP: 13/13 MP: 6/6
   139 | D:1      | Learned a level 2 spell: Ensorcelled Hibernation
   282 | D:1      | Reached skill level 4 in Stealth
   857 | D:2      | Noticed Jessica
   869 | D:2      | Killed Jessica
   869 | D:2      | Reached XP level 3. HP: 17/17 MP: 2/7
  1123 | D:2      | Found an iron altar of Okawaru.
  1155 | D:2      | Gained mutation: Your natural rate of healing is unusually fast. [Vine Stalker growth]
  1155 | D:2      | Reached XP level 4. HP: 15/21 MP: 6/8
  1341 | D:2      | Found a radiant altar of Vehumet.
  1463 | D:2      | Learned a level 3 spell: Confuse
  1491 | D:2      | Reached skill level 1 in Ice Magic
  1642 | D:2      | Found a deep blue altar of Sif Muna.
  1899 | D:3      | Noticed Grinder
  1902 | D:3      | Noticed Kosschaser's ghost (amateur VSEn)
  1944 | D:3      | Reached XP level 5. HP: 25/25 MP: 9/9
  2000 | D:3      | Noticed Robin
  2314 | D:2      | Paralysed by Grinder for 6 turns
  2443 | D:3      | Found a sparkling altar of Nemelex Xobeh.
  2457 | D:3      | Reached skill level 5 in Stealth
  2716 | D:3      | Killed Kosschaser's ghost
  2716 | D:3      | Reached skill level 1 in Fighting
  2716 | D:3      | Reached XP level 6. HP: 27/30 MP: 11/11
  3237 | D:4      | Reached XP level 7. HP: 33/33 MP: 2/13
  3444 | D:4      | Mangled by an ogre

Skill      XL: |  1  2  3  4  5  6 |
---------------+-------------------+-----
Short Blades   | 1 2 3 |  3.1
Stealth        | 4 5 |  5.8
Dodging        | 2 |  2.2
Ice Magic      | 1 2 |  2.0
Fighting       | 1 |  1.0
Spellcasting   | 3 |  3.4
Hexes          | |  3.8

Action                   |  1- 3 |  4- 6 |  7- 9 || total
-------------------------+-------+-------+-------++-------
Melee: Dagger            |   256 |   140 |     4 ||   400
       Bite              |   104 |    38 |     1 ||   143
 Cast: Ensorcelled Hiber |     7 |    25 |     5 ||    37
       Confuse           |       |    11 |     3 ||    14
  Use: Scroll            |       |     6 |       ||     6
       Potion            |       |     1 |       ||     1
 Stab: Sleeping          |    10 |    22 |       ||    32
       Confused          |       |     3 |     2 ||     5
  Eat: Chunk             |     2 |     9 |     2 ||    13
Armor: Robe              |    12 |    22 |       ||    34
Dodge: Dodged            |    30 |    80 |     3 ||   113
